 Dungeon Crawl Stone Soup version 0.19.0-24-gb05acd6 (webtiles) character file.

250 Firecrotchwizard the Poker (level 6, -4/47 HPs)
             Began as a Merfolk Gladiator on Nov 21, 2016.
             Was an Initiate of Okawaru.
             Slain by an ogre
             ... wielding a +0 giant club
              (14 damage)
             ... on level 4 of the Dungeon.
             The game lasted 00:10:19 (3366 turns).

Firecrotchwizard the Poker (Merfolk Gladiator)      Turns: 3366, Time: 00:10:20

Health: -4/47      AC:  9    Str: 16    XL:     6   Next: 13%
Magic:  6/6        EV:  8    Int:  9    God:    Okawaru [......]
Gold:   174        SH:  0    Dex: 14    Spells: 0 memorised, 5 levels left

rFire  . . .     SeeInvis .     a - +0 trident
rCold  . . .     Gourm    .     u - +0 chain mail
rNeg   . . .     Faith    .     (no shield)
rPois  .         Spirit   .     c - +0 helmet
rElec  .         Reflect  .     (no cloak)
rCorr  .         Harm     .     (no gloves)
MR     .....                    (no boots)
Stlth  ..........               (no amulet)
                                (no ring)
                                (no ring)

@: no status effects
A: change form in water, swift swim, stealthy swim
a: Renounce Religion


You were on level 4 of the Dungeon.
You worshipped Okawaru.
Okawaru was noncommittal.
You were not hungry.

You visited 1 branch of the dungeon, and saw 4 of its levels.

You collected 240 gold pieces.
You spent 66 gold pieces at shops.

Inventory:

Hand Weapons
 a - a +0 trident (weapon)
Missiles
 d - 3 throwing nets (quivered)
Armour
 c - a +0 helmet (worn)
 u - a +0 chain mail (worn)
Jewellery
 b - an uncursed ring of fire
Scrolls
 g - 3 scrolls of remove curse
 j - a scroll of amnesia
 k - 6 scrolls of identify
 l - a scroll of fear {unknown}
 n - 3 scrolls of enchant armour {unknown}
 s - a scroll of magic mapping {unknown}
Potions
 e - a potion of brilliance {unknown}
 i - 6 potions of curing
 m - a potion of heal wounds {unknown}
 o - a potion of flight {unknown}
 p - a potion of lignification {unknown}
 q - a potion of beneficial mutation {unknown}
 r - a potion of degeneration {unknown}
 t - a potion of mutation {unknown}
Comestibles
 f - 3 bread rations
 h - 3 meat rations


   Skills:
 * Level 3.3 Fighting
 * Level 7.6 Polearms
 + Level 2.1 Throwing
 + Level 1.5 Armour
 + Level 4.7 Dodging


You had 5 spell levels left.
You didn't know any spells.

Dungeon Overview and Level Annotations

Branches:
Dungeon (4/15)
 Temple: D:4-7

Altars:
Dithmenos
Makhleb
Nemelex Xobeh
Okawaru
Trog

Shops:
D:4 !

Annotations:
D:3 SirKenneth's ghost, amateur DsGl


Message History

Press: ? - help, Dir - move target cursor, f - ogre
Aim: an ogre, wielding a giant club You reach to attack!
You hit the ogre but do no damage.
Your chain mail prevents you from hitting the ogre.
The ogre hits you with a giant club!
You hit the ogre but do no damage. The ogre hits you with a giant club.
Your chain mail prevents you from hitting the ogre.
You puncture the ogre!
The ogre is moderately wounded.
The ogre hits you with a giant club!!
* * * LOW HITPOINT WARNING * * *
You are too injured to fight recklessly!
You are too injured to fight recklessly!
You are too injured to fight recklessly!
You are too injured to fight recklessly!
You are too injured to fight recklessly!
You hit the ogre.
The ogre is heavily wounded.
The ogre hits you with a giant club!
You die...

#._.## #.....##.##......
#..†.###........###.####
##...##....#.##.###.####
##.###..#.#.##..##.....
#..#..##.#.##..##..###
##...###.#.##.........
##.####.#.##.......##
########...#.##.#.....#
......O@...#.##.#.....#
...........#.##.#.......
...........# #.#.#..###
...........# #.#.....
...........# ##...##
...........#
.........$.#
............


You could see an ogre.

Vanquished Creatures
  A hound (D:4)
  An orc wizard (D:4)
  A worker ant (D:4)
  7 adders
  An ooze (D:4)
  An adder skeleton (D:3)
  A worm (D:2)
  2 dart slugs
  2 leopard geckos (D:1)
  7 orcs
  7 bats
  3 giant cockroaches
  6 goblins
  5 hobgoblins
  14 jackals
  7 kobolds
  A quokka (D:4)
  A ball python (D:2)
  5 frilled lizards
  11 rats
84 creatures vanquished.

Notes
Turn   | Place    | Note
-------+----------+-------------------------------------------
     0 | D:1      | Firecrotchwizard the Merfolk Gladiator began the quest for the Orb.
     0 | D:1      | Reached XP level 1. HP: 16/16 MP: 1/1
   171 | D:1      | Reached XP level 2. HP: 20/23 MP: 2/2
   594 | D:1      | Reached skill level 5 in Polearms
   847 | D:1      | Reached XP level 3. HP: 25/28 MP: 3/3
  1260 | D:2      | Reached XP level 4. HP: 34/34 MP: 4/4
  1298 | D:2      | Found a sparkling altar of Nemelex Xobeh.
  1335 | D:2      | Found an iron altar of Okawaru.
  1341 | D:2      | Became a worshipper of Warmaster Okawaru
  1428 | D:2      | Reached skill level 1 in Armour
  1628 | D:2      | Reached skill level 6 in Polearms
  1746 | D:2      | Found a shadowy altar of Dithmenos.
  1870 | D:3      | Noticed SirKenneth's ghost (amateur DsGl)
  2076 | D:3      | Reached XP level 5. HP: 38/41 MP: 5/5
  2654 | D:4      | Found a bloodstained altar of Trog.
  2683 | D:4      | Reached skill level 7 in Polearms
  2928 | D:4      | Found Dulak's Distillery.
  2936 | D:4      | Bought 2 potions of curing for 66 gold pieces
  3009 | D:4      | Reached XP level 6. HP: 28/47 MP: 6/6
  3338 | D:4      | Found a burning altar of Makhleb.
  3366 | D:4      | Slain by an ogre

Skill      XL: |  1  2  3  4  5 |
---------------+----------------+-----
Polearms       | 5 6 7 |  7.6
Armour         | 1 |  1.5
Fighting       | 3 |  3.3
Throwing       | |  2.1
Dodging        | |  4.7

Action                   |  1- 3 |  4- 6 || total
-------------------------+-------+-------++-------
Melee: Trident           |   112 |   223 ||   335
  Use: Scroll            |       |     3 ||     3
 Stab: Sleeping          |     2 |       ||     2
  Eat: Chunk             |     1 |     7 ||     8
Armor: Leather armour    |     8 |       ||     8
       Ring mail         |    43 |    56 ||    99
       Chain mail        |       |    36 ||    36
Dodge: Dodged            |    79 |   140 ||   219
